 Dungeon Crawl Stone Soup version 0.24.0-13-gcf9b3192b9 (webtiles) character file.

Game seed: 15993879874327862608, levelgen mode: deterministic

227 Katsumi the Transmogrifier (level 5, -3/24 HPs)
             Began as a Felid Transmuter on Nov 9, 2019.
             Was an Initiate of Ru.
             Slain by a bullfrog (7 damage)
             ... on level 6 of the Dungeon.
             The game lasted 00:11:42 (11486 turns).

Katsumi the Transmogrifier (Felid Transmuter)      Turns: 11486, Time: 00:11:43

Health: -3/24      AC:  2    Str:  6    XL:     5   Next: 70%
Magic:  18/18      EV: 18    Int: 16    God:    Ru [......]
Gold:   309        SH:  0    Dex: 17    Spells: 0/8 levels left
                                        Lives:  0   Deaths: 2

rFire    . . .     SeeInvis +     - Unarmed
rCold    . . .     Gourm    .   (shield unavailable)
rNeg     . . .     Faith    .   (armour unavailable)
rPois    .         Spirit   .   (helmet unavailable)
rElec    .         Reflect  .   (cloak unavailable)
rCorr    .         Harm     .   (gloves unavailable)
MR       .....                  (boots unavailable)
Stlth    ++........             (no amulet)
HPRegen  0.08/turn              f - ring of flight
MPRegen  0.16/turn              z - ring of magical power

@: quick
A: very small, no armour, no weapons or thrown items, stealth, claws 1, fangs 3,
see invisible, carnivore, speed 1, shaggy fur 2, slow metabolism 1, sharp paws
a: Renounce Religion, Evoke Flight


You were on level 6 of the Dungeon.
You worshipped Ru.
Ru was noncommittal.
You were not hungry.

You visited 2 branches of the dungeon, and saw 7 of its levels.
You also visited: Sewer.

You collected 309 gold pieces.

Inventory:

Missiles
 a - 24 arrows
Jewellery
 f - a ring of flight (left paw)
 z - a ring of magical power (right paw)
Wands
 x - a wand of digging (3)
Scrolls
 b - 2 scrolls of teleportation {unknown}
 d - 2 scrolls of enchant armour
 e - a scroll of noise {unknown}
 i - 3 scrolls of remove curse {unknown}
 k - a scroll of fog {unknown}
 l - a scroll of magic mapping {unknown}
 m - a scroll of enchant weapon
 o - 4 scrolls of amnesia {unknown}
 v - 3 scrolls of immolation
 y - 2 scrolls of identify
Potions
 g - 2 potions of resistance
 h - 2 potions of ambrosia
 j - 3 potions of agility {unknown}
 n - 6 potions of curing
 p - a potion of haste
 q - a potion of berserk rage
 r - 2 potions of heal wounds
 s - 2 potions of flight {unknown}
 t - 3 potions of brilliance {unknown}
 u - a potion of might {unknown}
 w - a potion of mutation {unknown}
Comestibles
 c - 14 rations


   Skills:
 - Level 3.0 Fighting
 - Level 2.6 Dodging
 - Level 3.0 Unarmed Combat
 - Level 2.0 Spellcasting
 + Level 9.3 Transmutations


You couldn't memorise any spells.
You knew the following spells:

 Your Spells              Type           Power        Failure   Level  Hunger
a - Beastly Appendage     Tmut           ####..       1%          1    #......
b - Sticks to Snakes      Tmut           ####....     1%          2    ###....
c - Blade Hands           Tmut           ####......   13%         5    ######.
d - Blink                 Tloc           N/A          30%         2    ###....

Your spell library contained the following spells:

 Spells                   Type           Power        Failure   Level  Hunger
 Spider Form              Tmut/Pois      ###.......   10%         3    ###....
 Magic Dart               Conj           #...         21%         1    #......
 Call Imp                 Summ           #.......     30%         2    ###....
 Slow                     Hex            #.......     30%         2    ###....
 Ice Form                 Ice/Tmut       ###.....     30%         4    #####..
 Conjure Flame            Conj/Fire      #.......     52%         3    ###....
 Mephitic Cloud           Conj/Pois/Air  #.......     52%         3    ###....


Dungeon Overview and Level Annotations

Branches:
Dungeon (6/15)             Temple (1/1) D:4           Sewer (visited)

Altars:
Ashenzari
Dithmenos
Elyvilon
Fedhas
Gozag
Hepliaklqana
Kikubaaqudgha
Makhleb
Nemelex Xobeh
Okawaru
Qazlal
Ru
Sif Muna
Trog
Uskayaw
Vehumet
Wu Jian
Xom
Yredelemnul
Zin
The Shining One

Annotations:
D:3 1 runed translucent door, Alannah's ghost, amateur DsFi


Innate Abilities, Weirdness & Mutations

You cannot wear armour.
You are incapable of wielding weapons or throwing items.
Your paws allow you to move quietly. (Stealth)
You have sharp claws.
You have razor-sharp teeth.
You have supernaturally acute eyesight. (SInv)
You are carnivorous and can eat meat at any time.
You cover ground quickly.
You are covered in thick fur. (AC +2)
You have a slow metabolism.
Your sharp claws are effective at attacking unaware monsters.


Message History

Unknown command.
Unknown command.
You see here a war axe.
You open the door.
The bullfrog is too close now for your liking.
A bullfrog is nearby!
A bullfrog is nearby!
The bullfrog gives a loud, deep croak!
The bullfrog hits you. x2
The bullfrog closely misses you.
The bullfrog hits you but does no damage.
The bullfrog hits you!
The bullfrog hits you but does no damage.
The bullfrog completely misses you. The bullfrog hits you!
* * * LOW HITPOINT WARNING * * *
The bullfrog hits you.
* * * LOW HITPOINT WARNING * * *
The bullfrog completely misses you. The bullfrog misses you.
The bullfrog hits you!
You die...

#......# #......# #......#
#......# .# #......### #.##
#........##### ### ..$..
#.....)..'...# ..# .....
#........###.# #.#......
####..).....@#..#####.#......
.........#...F.......F.)...).
.........#......#....Z#.###+#
.........#......#....<# #
.........'....Z.......#
.........##........[....#
######+#......#.....#.###
###.#<...#.+.........
#........###...)##....


You could see a bullfrog and a hornet zombie (wandering).

Vanquished Creatures
  An orc warrior (D:5)
  A big kobold (Sewer)
  A hound (D:5)
  2 orc priests (D:5)
  A gnoll shaman (D:5)
  An iguana (D:4)
  An orc wizard (D:5)
  3 worker ants
  6 gnolls
  A howler monkey zombie (D:5)
  3 river rats (Sewer)
  11 adders
  4 oozes
  An adder skeleton (D:5)
  3 worms
  4 dart slugs
  4 leopard geckos
  7 orcs
  3 ball pythons
  5 bats
  8 giant cockroaches
  8 goblins
  5 hobgoblins (D:1)
  8 jackals
  23 kobolds
  2 quokkas
  4 frilled lizards
  A leopard gecko skeleton (D:4)
  2 quokka skeletons (D:4)
  25 rats
149 creatures vanquished.

Vanquished Creatures (collateral kills)
  2 ogres (D:5)
  A hound zombie (D:5)
  A river rat (Sewer)
  A rat (Sewer)
5 creatures vanquished.

Vanquished Creatures (others)
  A bat (D:1)
  4 toadstools (D:1)
5 creatures vanquished.

Grand Total: 159 creatures vanquished

Notes
Turn   | Place    | Note
-------+----------+-------------------------------------------
     0 | D:1      | Katsumi the Felid Transmuter began the quest for the Orb.
     0 | D:1      | Reached XP level 1. HP: 9/9 MP: 4/4
   274 | D:1      | Reached XP level 2. HP: 12/13 MP: 4/6
  1285 | D:1      | Reached XP level 3. HP: 17/17 MP: 4/7
  1760 | D:2      | Learned a level 2 spell: Sticks to Snakes
  1849 | D:2      | Reached skill level 3 in Transmutations
  2284 | D:2      | Reached XP level 4. HP: 11/21 MP: 5/8
  2436 | D:2      | Found a bloodstained altar of Trog.
  3031 | D:2      | Found a bloodstained altar of Trog.
  3575 | D:2      | Reached skill level 4 in Transmutations
  3577 | D:2      | Found a glowing silver altar of Zin.
  3625 | D:2      | HP: 1/21 [poisoned by an adder]
  4093 | D:3      | Found a blossoming altar of Fedhas.
  4493 | D:3      | Reached XP level 5. HP: 20/24 MP: 7/9
  4500 | D:3      | Learned a level 5 spell: Blade Hands
  4546 | D:3      | Found a glowing drain.
  4550 | Sewer    | Entered a sewer
  4814 | Sewer    | Reached skill level 5 in Transmutations
  5707 | Sewer    | Reached skill level 6 in Transmutations
  5791 | Sewer    | Gained mutation: You are covered in thick fur. (AC +2)
                  | [Felid growth]
  5791 | Sewer    | Reached XP level 6. HP: 9/28 MP: 4/10
  7527 | D:3      | Found a runed translucent door.
  7527 | D:3      | Noticed Alannah's ghost (amateur DsFi)
  7750 | D:4      | Found a staircase to the Ecumenical Temple.
  7795 | Temple   | Entered the Ecumenical Temple
  8014 | D:4      | Reached skill level 7 in Transmutations
  8627 | D:5      | Entered Level 5 of the Dungeon
  9168 | D:5      | Reached XP level 7. HP: 26/31 MP: 11/11
  9539 | D:5      | Reached skill level 8 in Transmutations
  9544 | D:5      | HP: 1/31 [gnoll/+0 spear (9)]
  9845 | D:5      | Found a sacrificial altar of Ru.
  9866 | D:5      | Became a worshipper of Ru the Awakened
 10136 | D:5      | Found a burning altar of Makhleb.
 10901 | D:5      | Learned a level 2 spell: Blink
 11017 | D:6      | HP: 1/31 [hornet zombie (11)]
 11433 | D:5      | Reached skill level 9 in Transmutations
 11441 | D:6      | Killed from afar by an orc priest
 11442 | D:6      | Reached XP level 6. HP: -11/28 MP: 17/19
 11442 | D:6      | Found a shadowy altar of Dithmenos.
 11454 | D:6      | Slain by an orc priest
 11455 | D:6      | Reached XP level 5. HP: 0/24 MP: 18/18
 11486 | D:6      | Slain by a bullfrog

Levels and vault maps discovered:
D:1:      ldierk_walled_garden_2, layout_basic, hex_medium
D:2:      layout_basic, marbit_many_paths, overflow_temple_1_default,
          first_ration, trog_butcher_becter
D:3:      layout_rooms, gup_sewer_entry_bowl, ebering_ghost_inner_flame,
          fedhas_ov_isle_minmay
D:4:      layout_cave_pods, minmay_temple_entry_crystal_x
D:5:      layout_gridville, bloody_makhleb, serial_glass, glass_columns_a,
          glass_columns_b, chequers_serial_rivers_micro_d,
          nicolae_ru_awakened_eye
D:6:      layout_basic, nicolae_dithmenos_the_darkroom, minmay_hedge_maze,
          minmay_ogre_servants
Temple:   eino_temple_rhombus

Skill      XL: |  1  2  3  4  5  6  7 |
---------------+----------------------+-----
Fighting       | 2 3 |  3.0
Transmutations | 3 4 6 7 9 |  9.3
Dodging        | |  2.6
Unarmed Combat | |  3.0
Spellcasting   | |  2.0

Action                   |  1- 3 |  4- 6 |  7- 9 || total
-------------------------+-------+-------+-------++-------
Melee: Unarmed           |    85 |   297 |    50 ||   432
       Bite              |     7 |    19 |     2 ||    28
       Headbutt          |    10 |    22 |       ||    32
       Punch             |     1 |     3 |       ||     4
 Cast: Beastly Appendage |    25 |    46 |     3 ||    74
       Sticks to Snakes  |     2 |    10 |     3 ||    15
       Blade Hands       |       |    10 |     7 ||    17
  Use: Potion            |       |     2 |     4 ||     6
       Scroll            |       |     8 |       ||     8
 Stab: Sleeping          |     3 |     5 |       ||     8
  Eat: Chunk             |     8 |    23 |     6 ||    37
Armor: Skin              |     1 |    22 |     4 ||    27
Dodge: Dodged            |    64 |   282 |    71 ||   417
